 Dungeon Crawl Stone Soup version 0.28.0-43-g3370ac3207 (webtiles) character file.

Game seed: 15901985825580612525

30 AlmostDecent the Covered (level 3, 23/23 HPs)
             Began as a Tengu Fighter on Mar 30, 2022.
             Was a Follower of Elyvilon.
             Quit the game on level 1 of the Dungeon.
             The game lasted 00:01:29 (564 turns).

AlmostDecent the Covered (Tengu Fighter)             Turns: 564, Time: 00:01:29

Health: 23/23      AC:  6    Str: 18    XL:     3   Next: 20%
Magic:  4/4        EV:  9    Int:  8    God:    Elyvilon [*.....]
Gold:   82         SH:  4    Dex: 13    Spells: 2/2 levels left

rFire   . . .      SeeInvis .   a - +0 war axe
rCold   . . .      Faith    .   c - +0 buckler
rNeg    . . .      Spirit   .   b - +0 scale mail
rPois   .          Reflect  .   (helmet restricted)
rElec   .          Harm     .   (no cloak)
rCorr   .          Rampage  .   (no gloves)
Will    .....                   (boots unavailable)
Stlth   ..........              (no amulet)
HPRegen 0.07/turn               (no ring)
MPRegen 0.09/turn               (no ring)

@: no status effects
A: beak, talons 3
a: Renounce Religion, Purification


You were on level 1 of the Dungeon.
You worshipped Elyvilon.
Elyvilon was aware of your devotion.
You visited 1 branch of the dungeon, and saw 1 of its levels.

You collected 82 gold pieces.

Inventory:

Hand Weapons
 a - a +0 war axe (weapon)
Armour
 b - a +0 scale mail (worn)
 c - a +0 buckler (worn)
Potions
 d - a potion of might
 f - a potion of lignification {unknown}


   Skills:
 + Level 3.4 Fighting
 * Level 3.0 Axes
 + Level 3.5 Armour
 + Level 3.1 Shields


You had 2 spell levels left.
You didn't know any spells.
Your spell library was empty.

Dungeon Overview and Level Annotations

Branches:
Dungeon (1/15)

Altars:
Elyvilon


Innate Abilities, Weirdness & Mutations

You have a beak for a mouth.
You have claws for feet.


Message History

The goblin shouts!
Found 11 bolts.
You block the goblin's attack.
You slash the goblin!
You kill the goblin!
No target in view!
No target in view!
Found a stone staircase leading down.
Things that are here:
a +0 club; a goblin corpse You see here 11 bolts.
Found a stone staircase leading down.
A quokka comes into view.
A rat comes into view.
You barely miss the quokka. You claw the quokka.
You kill the quokka!
Found a falchion.
You block the rat's attack.
You hit the rat. Your peck misses the rat.
The rat is heavily wounded.
The rat bites you but does no damage. The rat bites you.
You barely miss the rat. You peck the rat.
You kill the rat!
No target in view!
Found an escape hatch in the floor.
As you read the scroll labelled SODOC ODWO, it crumbles to dust.
You speak a Word of immense power!
It was a scroll of holy word.
As you read the scroll labelled XANNIV BESI, it crumbles to dust.
You assume a fearsome visage.
Nothing appears to happen.
It was a scroll of fear.
Unknown command.
There is a faded altar of an unknown god here.
You cannot tell which god this altar belongs to.
Convert to them anyway? [Y]es or [N]o only, please.
You cannot tell which god this altar belongs to.
Convert to them anyway?
Elyvilon accepts your prayer! Elyvilon welcomes you!
You can now purify yourself.
Are you sure you want to abandon this character and quit the game? (Confirm with "yes".)
Okay, then.
Are you sure you want to abandon this character and quit the game? (Confirm with "yes".)

.....#..........####.....##
8..8.####.#.....####.#.###
.....# #.#.......##.....#
.....####.#....##......#.##
8..8.##.)........##.......#
.....##..........#..#.....#
.....##............##÷....#
.....#...........^##......#
.....##.........@^#..#.####
.....##........^^...##.###
.................÷.###...#
.....#.....).....### ###.##
.....#....###.#.## ##..####
.....####........# #......#
.....# #........# #......#
.....# #........####
#......# 8..8.#
#...........>........#


There were no monsters in sight!

Vanquished Creatures
  3 dart slugs (D:1)
  A ball python (D:1)
  3 bats (D:1)
  A hobgoblin (D:1)
  4 jackals (D:1)
  A kobold (D:1)
  4 quokkas (D:1)
  2 frilled lizards (D:1)
  A goblin (D:1)
  2 rats (D:1)
22 creatures vanquished.

Notes
Turn   | Place    | Note
-------+----------+-------------------------------------------
     0 | D:1      | AlmostDecent the Tengu Fighter began the quest for the Orb.
     0 | D:1      | Reached XP level 1. HP: 14/14 MP: 2/2
    32 | D:1      | Reached XP level 2. HP: 15/19 MP: 3/3
    90 | D:1      | Found a faded altar of an unknown god.
   354 | D:1      | Reached XP level 3. HP: 23/23 MP: 4/4
   563 | D:1      | Prayed at the altar of an unknown god.
   563 | D:1      | Became a worshipper of Elyvilon the Healer
   563 | D:1      | Reached * piety under Elyvilon
   564 | D:1      | Quit the game

Illustrated notes

Levels and vault maps discovered:
D:1:      giann_forest_graveyard, layout_rooms, ebering_ecumenical_altar_webs

Skill      XL: |  1  2  3 |
---------------+----------+-----
Axes           | 3 |  3.0
Fighting       | |  3.4
Armour         | |  3.5
Shields        | |  3.1

Action                   || total
-------------------------++-------
Melee: War axe           ||    41
       Kick              ||     5
       Peck              ||     3
  Use: Scroll            ||     2
Armor: Scale mail        ||    19
Dodge: Dodged            ||    15
Block: Buckler           ||    10
